 Dungeon Crawl Stone Soup version 0.30-a0-234-g97d66968fd (webtiles) character file.

Game seed: 9827263827655332508

27478 qw the Cleaver (level 13, -3/82 HPs)
             Began as a Gargoyle Fighter on Oct 9, 2022.
             Was a High Priest of Okawaru.
             Splashed with acid (7 damage)
             ... on level 4 of the Lair of Beasts.
             The game lasted 00:06:28 (14318 turns).

qw the Cleaver (Gargoyle Fighter)                  Turns: 14318, Time: 00:06:28

Health: -3/82      AC: 29    Str: 30    XL:     13   Next: 32%
Magic:  18/20      EV:  9    Int: 10    God:    Okawaru [*****.]
Gold:   869        SH: 12    Dex:  9    Spells: 12/12 levels left

rFire   + . .      SeeInvis +    x - +0 broad axe
rCold   + . .      Faith    .    b - +0 kite shield
rNeg    + . .      Spirit   .    q - +0 plate armour
rPois   inf        Reflect  .    n - +0 helmet
rElec   +          Harm     .    w - scarf {rC+ rF+}
rCorr   .          Rampage  .    a - +0 pair of gloves
Will    .....                    (no boots)
Stlth   ..........               (no amulet)
HPRegen 0.33/turn                i - +6 ring of strength
MPRegen 0.17/turn                t - ring of see invisible

@: heroic
A: sickness immunity, AC +9, negative energy resistance 1, electricity
resistance, torment resistance 1, petrification resistance, mutation resistance
1
a: Renounce Religion, Heroism, Finesse, Duel


You were on level 4 of the Lair of Beasts.
You worshipped Okawaru.
Okawaru was extremely pleased with you.
You visited 3 branches of the dungeon, and saw 15 of its levels.

You collected 869 gold pieces.


Innate Abilities, Weirdness & Mutations

You are immune to sickness and miasma.
Your stone body is resilient. (AC +9)
You are immune to poison.
You resist negative energy. (rN+)
You are resistant to electric shocks. (rElec)
You are resistant to unholy torment.
You are immune to petrification.
You are somewhat resistant to further mutation.


   Skills:
 - Level 10.0(15.0) Fighting
 - Level 13.0(18.0) Axes
 - Level 1.2(6.2) Throwing
 - Level 8.6(13.6) Armour
 - Level 2.0(7.0) Dodging
 + Level 10.9(15.9) Shields
 - Level 10.0 Invocations


You had 12 spell levels left.
You didn't know any spells.
Your spell library was empty.

Inventory:

Hand Weapons
 c - a +1 demon whip of venom
 x - a +0 broad axe (weapon)
Missiles
 s - a boomerang (quivered)
Armour
 a - a +0 pair of gloves (worn)
 b - a +0 kite shield (worn)
 f - a +0 cloak
 n - a +0 helmet (worn)
 q - a +0 plate armour (worn)
 w - a scarf of resistance (worn)
 z - the +1 kite shield of Roeppawn {rElec rF+ Dex+6}
   (Okawaru gifted it to you on level 4 of the Lair of Beasts)

   Dex:       It affects your dexterity (+6).
   rF:        It protects you from fire.
   rElec:     It insulates you from electricity.
Jewellery
 i - a +6 ring of strength (left hand)
 j - a ring of fire
 t - a ring of see invisible (right hand)
 v - a ring of protection from fire
 y - a ring of ice
Scrolls
 m - 2 scrolls of teleportation
 u - 5 scrolls of identify
Potions
 d - 4 potions of might
 e - a potion of heal wounds
 g - 2 potions of lignification
 h - 5 potions of haste
 k - a potion of resistance
 l - 4 potions of mutation
 o - 3 potions of curing
 p - a potion of cancellation
 r - 2 potions of attraction

Dungeon Overview and Level Annotations

Branches:
Dungeon (10/15)            Temple (1/1) D:7            Lair (4/5) D:10
 Shoals (0/4) Lair:2        Snake (0/4) Lair:3        Slime (0/5) Lair:4
    Orc (0/2) D:9

Altars:
Ashenzari
Cheibriados
Dithmenos
Elyvilon
Fedhas
Gozag
Hepliaklqana
Kikubaaqudgha
Makhleb
Nemelex Xobeh
Okawaru
Qazlal
Ru
Sif Muna
Trog
Wu Jian
Xom
Yredelemnul
Zin
The Shining One
Jiyva

Annotations:
D:6 1 runed translucent door, Crazy Yiuf
D:7 2 transporters, qw's ghost, novice GrFi
D:10 2 runed translucent doors


Message History

You slice the endoplasm!!
You kill the endoplasm!
An endoplasm comes into view.
The endoplasm quivers.
Throw: boomerang
Press: ? - help, Q - select action Shift-Dir - straight line, f - endoplasm You throw a boomerang.
The boomerang hits the endoplasm.
You kill the endoplasm!
An endoplasm comes into view.
14309 ||| Stepping ~*~*~tactically~*~*~ (stealth).
You are splashed with acid!
Throw: boomerang
Press: ? - help, Q - select action Shift-Dir - straight line, f - endoplasm You throw a boomerang.
The endoplasm quivers.
The boomerang hits the endoplasm.
The endoplasm is moderately wounded.
You are splashed with acid!
You're standing next to a slime covered wall!
14311 ||| UPGRADING to +1 kite shield of Roeppawn {rElec rF+ Dex+6}.
You are splashed with acid!
You stop removing your armour.
14312 ||| UPGRADING to +1 kite shield of Roeppawn {rElec rF+ Dex+6}.
You are splashed with acid!
You stop removing your armour.
14313 ||| UPGRADING to +1 kite shield of Roeppawn {rElec rF+ Dex+6}.
You are splashed with acid!
You stop removing your armour.
14314 ||| INVOKING Heroism.
You gain the combat prowess of a mighty hero.
You are splashed with acid!
The endoplasm freezes you.
You are frozen.
You resist.
You slice the endoplasm!!
You kill the endoplasm!
You are splashed with acid.
14316 ||| UPGRADING to +1 kite shield of Roeppawn {rElec rF+ Dex+6}.
You are splashed with acid!
You stop removing your armour.
14317 ||| UPGRADING to +1 kite shield of Roeppawn {rElec rF+ Dex+6}.
You are splashed with acid!
You stop removing your armour.
14318 ||| UPGRADING to +1 kite shield of Roeppawn {rElec rF+ Dex+6}.
You are splashed with acid!
You stop removing your armour.
You die...

......# # #. .........##
######.. ..........#####
........ .#.#..........##
........ ...............#
........ ...............#
.......# ......#........#
........ ._>............#
.......# .....#@.#..#..##
........ .........####...#
........ .......[..####.##
........ .#.#.....###P..###
..................# #.....##
...................##......#
###.......................##
#.....#..........#........#
..#.<.................(...#


There were no monsters in sight!

Vanquished Creatures
  A hydra (Lair:3)
  A centaur warrior (D:10)
  A catoblepas (Lair:3)
  A two-headed ogre (D:10)
  Amaemon (D:8)
  4 black mambas
  7 cane toads
  A torpor snail (Lair:4)
  An orange demon (D:8)
  2 rime drakes
  2 kobold demonologists (D:9)
  5 komodo dragons
  A hornet (D:8)
  4 polar bears
  Prince Ribbit (D:7)
  5 blink frogs (Lair:1)
  3 dream sheep (Lair:4)
  A wraith (D:10)
  40 yaks
  8 wyverns
  5 steam dragons
  2 basilisks (Lair:3)
  2 acid dragons
  3 wargs (D:9)
  7 water moccasins
  Duvessa (D:7)
  6 orc warriors
  3 sky beasts
  Pargi (D:3)
  An ice beast (D:8)
  A black bear (Lair:2)
  5 centaurs
  5 wolves
  3 ogres
  A phantom (D:4)
  4 kobold brigands
  19 bullfrogs
  A gnoll sergeant (D:10)
  4 necrophages
  A scorpion (D:6)
  4 wights (D:10)
  Dowan (D:7)
  10 killer bees (D:10)
  2 electric eels
  6 howler monkeys (D:7)
  6 hounds
  5 orc priests
  3 jellies
  Jessica (D:3)
  Natasha (twice) (D:2)
  Ijyb (D:3)
  2 iguanas
  14 orc wizards
  11 gnolls
  3 adders
  2 shadow imps
  2 white imps (D:7)
  An ufetubus (D:7)
  3 worms (D:3)
  2 dart slugs (D:2)
  32 orcs
  19 endoplasms
  4 giant cockroaches
  15 goblins
  12 hobgoblins
  6 jackals (D:1)
  32 kobolds
  2 quokkas
  10 ball pythons
  5 bats
  3 frilled lizards
  4 rats
  A butterfly (D:7)
391 creatures vanquished.

Vanquished Creatures (others)
  26 fungi
  53 plants
79 creatures vanquished.

Grand Total: 470 creatures vanquished

Notes
Turn   | Place    | Note
-------+----------+-------------------------------------------
     0 | D:1      | qw the Gargoyle Fighter began the quest for the Orb.
     0 | D:1      | Reached XP level 1. HP: 14/14 MP: 1/1
     0 | D:1      | 0 ||| qw: Version: 0.2-a-17-g06abaee
     0 | D:1      | 0 ||| qw: Game counter: 2324
     0 | D:1      | 0 ||| qw: Always use a shield: true
     0 | D:1      | 0 ||| qw: God list: Okawaru
     0 | D:1      | 0 ||| qw: Allow faded altars: false
     0 | D:1      | 0 ||| qw: Do Orc after D:15 true
     0 | D:1      | 0 ||| qw: Do second Lair branch before Depths: true
     0 | D:1      | 0 ||| qw: Lair rune preference: random
     0 | D:1      | 0 ||| qw: Plans: Normal, Zot:1-4, God:TSO, Crypt, Tomb,
                  | Pan, Slime:5, Hells, Abyss, Orb
     0 | D:1      | 0 ||| PLANNING D:1-11
    51 | D:1      | Reached skill level 2 in Axes
   133 | D:1      | 133 ||| Stepping ~*~*~tactically~*~*~ (stealth).
   138 | D:1      | Reached XP level 2. HP: 17/19 MP: 2/2
   197 | D:1      | 197 ||| Stepping ~*~*~tactically~*~*~ (stealth).
   376 | D:1      | 376 ||| Stepping ~*~*~tactically~*~*~ (stealth).
   384 | D:1      | Reached skill level 3 in Axes
   387 | D:1      | Reached XP level 3. HP: 23/23 MP: 3/3
   813 | D:1      | Found a faded altar of an unknown god.
  1002 | D:1      | 1002 ||| READING scroll labelled WUSSAQAKKI.
  1003 | D:1      | 1003 ||| READING scroll labelled JOYBIVVEHEI.
  1339 | D:2      | Noticed Natasha
  1352 | D:2      | Killed Natasha
  1353 | D:2      | Reached skill level 4 in Axes
  1353 | D:2      | Reached XP level 4. HP: 15/28 MP: 4/4
  1698 | D:2      | Noticed Natasha
  1708 | D:2      | Killed Natasha
  1893 | D:2      | 1893 ||| UPGRADING to +0 pair of gloves.
  1898 | D:2      | 1898 ||| UPGRADING to +0 helmet.
  1903 | D:2      | 1903 ||| DROPPING ring of wizardry.
  1904 | D:2      | 1904 ||| UPGRADING to ring of protection from fire.
  1905 | D:2      | 1905 ||| READING scroll labelled YPESESKUGOR.
  1906 | D:2      | 1906 ||| READING scroll labelled LORHAO MUBOU.
  1907 | D:2      | 1907 ||| READING scroll labelled USYUFR WUYC.
  1933 | D:3      | Noticed Ijyb
  1934 | D:3      | 1934 ||| Stepping ~*~*~tactically~*~*~ (hiding).
  1935 | D:3      | 1935 ||| Stepping ~*~*~tactically~*~*~ (hiding).
  1937 | D:3      | 1937 ||| Stepping ~*~*~tactically~*~*~ (hiding).
  1939 | D:3      | 1939 ||| Stepping ~*~*~tactically~*~*~ (hiding).
  1942 | D:3      | Reached XP level 5. HP: 32/32 MP: 5/5
  1944 | D:3      | Paralysed by Ijyb for 5 turns
  1952 | D:3      | Paralysed by Ijyb for 4 turns
  1958 | D:3      | Killed Ijyb
  2055 | D:3      | Noticed Pargi
  2056 | D:3      | 2056 ||| Stepping ~*~*~tactically~*~*~ (stealth).
  2075 | D:3      | Killed Pargi
  2076 | D:3      | Reached skill level 5 in Axes
  2076 | D:3      | Reached XP level 6. HP: 30/37 MP: 6/6
  2199 | D:3      | 2199 ||| Stepping ~*~*~tactically~*~*~ (hiding).
  2199 | D:3      | Noticed Jessica
  2200 | D:3      | 2200 ||| Stepping ~*~*~tactically~*~*~ (hiding).
  2201 | D:3      | 2201 ||| Stepping ~*~*~tactically~*~*~ (hiding).
  2202 | D:3      | 2202 ||| Stepping ~*~*~tactically~*~*~ (hiding).
  2203 | D:3      | 2203 ||| Stepping ~*~*~tactically~*~*~ (hiding).
  2205 | D:3      | 2205 ||| Stepping ~*~*~tactically~*~*~ (hiding).
  2217 | D:3      | Killed Jessica
  2249 | D:3      | 2249 ||| Stepping ~*~*~tactically~*~*~ (stealth).
  2256 | D:3      | 2256 ||| Stepping ~*~*~tactically~*~*~ (stealth).
  2260 | D:3      | 2260 ||| Stepping ~*~*~tactically~*~*~ (stealth).
  2277 | D:3      | 2277 ||| DROPPING +0 mace.
  2607 | D:3      | 2607 ||| READING scroll labelled KIVUKU DIXTISH.
  2608 | D:3      | 2608 ||| READING scroll labelled HINEUXEKOU.
  2680 | D:4      | Reached XP level 7. HP: 43/43 MP: 7/7
  2782 | D:4      | 2782 ||| Stepping ~*~*~tactically~*~*~ (stealth).
  2783 | D:4      | 2783 ||| Stepping ~*~*~tactically~*~*~ (stealth).
  2964 | D:4      | Reached skill level 6 in Axes
  3264 | D:4      | 3264 ||| UPGRADING to +0 cloak.
  3269 | D:4      | 3269 ||| UPGRADING to +0 chain mail.
  3279 | D:4      | 3279 ||| DROPPING +0 scale mail.
  3280 | D:4      | 3280 ||| READING scroll labelled SOCIMO YREYG.
  3281 | D:4      | 3281 ||| READING scroll labelled RORHOUPROS.
  3282 | D:4      | 3282 ||| READING scroll labelled MUNESO ROSHRYAZ.
  3313 | D:4      | 3313 ||| DRINKING 3 glowing coppery potions.
  3314 | D:4      | 3314 ||| DRINKING 2 pink potions.
  3314 | D:4      | Gained mutation: You are somewhat resistant to further
                  | mutation. [potion of mutation]
  3331 | D:5      | Entered Level 5 of the Dungeon
  3667 | D:5      | Reached skill level 7 in Axes
  3758 | D:5      | Reached XP level 8. HP: 48/48 MP: 8/8
  4142 | D:5      | 4142 ||| UPGRADING to ring of see invisible.
  4143 | D:5      | 4143 ||| READING scroll labelled LASAOM KYIR.
  4144 | D:5      | 4144 ||| READING scroll labelled UCITHI JISMAF.
  4145 | D:5      | 4145 ||| READING scroll labelled PAUH EBBONG.
  4146 | D:5      | 4146 ||| READING scroll labelled QUJEUCK WEMA.
  4147 | D:5      | 4147 ||| DRINKING 2 bubbling black potions.
  4175 | D:6      | 4175 ||| STAIRDANCE
  4258 | D:6      | Found the +6 shillelagh "Devastator" {shatter}
  4301 | D:6      | 4301 ||| DROPPING +0 flail.
  4394 | D:6      | Reached skill level 8 in Axes
  4475 | D:6      | Reached skill level 6 in Fighting
  4789 | D:6      | 4789 ||| Stepping ~*~*~tactically~*~*~ (hiding).
  4914 | D:6      | Found a runed translucent door.
  4915 | D:6      | Noticed Crazy Yiuf
  5028 | D:6      | 5028 ||| UPGRADING to +2 buckler.
  5038 | D:6      | 5038 ||| DROPPING +0 buckler.
  5039 | D:6      | 5039 ||| UPGRADING to +6 ring of strength.
  5041 | D:6      | 5041 ||| DRINKING 2 emerald potions.
  5146 | D:6      | 5146 ||| DROPPING potion of berserk rage.
  5201 | D:7      | Noticed Prince Ribbit
  5239 | D:7      | Killed Prince Ribbit
  5240 | D:7      | Reached skill level 9 in Axes
  5240 | D:7      | Reached XP level 9. HP: 34/55 MP: 9/9
  5491 | D:7      | Noticed Dowan
  5492 | D:7      | 5492 ||| Stepping ~*~*~tactically~*~*~ (stealth).
  5493 | D:7      | 5493 ||| Stepping ~*~*~tactically~*~*~ (stealth).
  5507 | D:7      | 5507 ||| Stepping ~*~*~tactically~*~*~ (hiding).
  5512 | D:7      | Noticed Duvessa
  5516 | D:7      | Killed Dowan
  5526 | D:7      | Killed Duvessa
  5531 | D:7      | HP: 13/55 [shadow imp (4)]
  5562 | D:7      | 5562 ||| FLEEEEING.
  5568 | D:7      | 5568 ||| Stepping ~*~*~tactically~*~*~ (stealth).
  5640 | D:7      | 5640 ||| Stepping ~*~*~tactically~*~*~ (stealth).
  5642 | D:7      | 5642 ||| Stepping ~*~*~tactically~*~*~ (stealth).
  5644 | D:7      | 5644 ||| FLEEEEING.
  5697 | D:7      | 5697 ||| Stepping ~*~*~tactically~*~*~ (hiding).
  5758 | D:7      | 5758 ||| Stepping ~*~*~tactically~*~*~ (stealth).
  5847 | D:7      | Found a staircase to the Ecumenical Temple.
  5848 | D:7      | 5848 ||| PLANNING TEMPLE
  5848 | D:7      | 5848 ||| UPGRADING to +1 chain mail of willpower.
  5858 | D:7      | 5858 ||| DROPPING +0 chain mail.
  5859 | D:7      | 5859 ||| READING scroll labelled FUAXUEXOSH.
  5860 | D:7      | 5860 ||| DRINKING 2 ruby potions.
  5866 | Temple   | Entered the Ecumenical Temple
  5867 | Temple   | 5867 ||| PLANNING OKAWARU WORSHIP
  5873 | Temple   | Became a worshipper of Warmaster Okawaru
  5874 | Temple   | 5874 ||| PLANNING D:1-11
  6029 | D:7      | Noticed qw's ghost (novice GrFi)
  6042 | D:7      | Found a transporter.
  6047 | D:7      | Found a transporter.
  6085 | D:7      | Found a burning altar of Makhleb.
  6093 | D:7      | Found a shimmering blue altar of Sif Muna.
  6126 | D:7      | 6126 ||| Stepping ~*~*~tactically~*~*~ (cloud).
  6358 | D:7      | 6358 ||| DROPPING potion of ambrosia.
  6426 | D:8      | Noticed a hornet
  6434 | D:8      | Reached skill level 10 in Axes
  6444 | D:8      | Reached skill level 6 in Armour
  6444 | D:8      | HP: 7/57 [hornet (10)]
  6445 | D:8      | 6445 ||| READING scroll of teleportation.
  6661 | D:8      | 6661 ||| Stepping ~*~*~tactically~*~*~ (stealth).
  6669 | D:8      | Reached * piety under Okawaru
  6670 | D:8      | 6670 ||| INVOKING Heroism.
  6690 | D:8      | Noticed an orange demon
  6700 | D:8      | Killed an orange demon
  6701 | D:8      | Reached XP level 10. HP: 51/64 MP: 9/11
  6717 | D:8      | Noticed Amaemon
  6718 | D:8      | 6718 ||| FLEEEEING.
  6725 | D:8      | 6725 ||| INVOKING Heroism.
  6743 | D:8      | Killed Amaemon
  6744 | D:8      | Reached skill level 3 in Invocations
  6769 | D:8      | Reached ** piety under Okawaru
  6829 | D:8      | 6829 ||| DROPPING +6 shillelagh "Devastator" {shatter}.
  6923 | D:8      | Found a shadowy altar of Dithmenos.
  7105 | D:8      | 7105 ||| Stepping ~*~*~tactically~*~*~ (stealth).
  7568 | D:8      | 7568 ||| INVOKING Heroism.
  7574 | D:8      | 7574 ||| Stepping ~*~*~tactically~*~*~ (cloud).
  7720 | D:8      | 7720 ||| INVOKING Heroism.
  7841 | D:8      | 7841 ||| UPGRADING to +0 plate armour.
  7851 | D:8      | 7851 ||| DROPPING +1 chain mail of willpower.
  7852 | D:8      | 7852 ||| DRINKING 2 fuming puce potions.
  7853 | D:8      | 7853 ||| DRINKING 2 sedimented green potions.
  7891 | D:9      | 7891 ||| STAIRDANCE
  7974 | D:9      | 7974 ||| INVOKING Heroism.
  7999 | D:9      | 7999 ||| Stepping ~*~*~tactically~*~*~ (stealth).
  8018 | D:9      | 8018 ||| Stepping ~*~*~tactically~*~*~ (hiding).
  8020 | D:9      | 8020 ||| Stepping ~*~*~tactically~*~*~ (hiding).
  8021 | D:9      | 8021 ||| Stepping ~*~*~tactically~*~*~ (hiding).
  8022 | D:9      | 8022 ||| Stepping ~*~*~tactically~*~*~ (stealth).
  8023 | D:9      | 8023 ||| INVOKING Heroism.
  8027 | D:9      | Reached skill level 1 in Throwing
  8134 | D:9      | Found a flagged portal.
  8175 | D:9      | Noticed a kobold demonologist
  8178 | D:9      | 8178 ||| INVOKING Heroism.
  8179 | D:9      | Noticed a kobold demonologist
  8186 | D:9      | Killed a kobold demonologist
  8187 | D:9      | Reached skill level 11 in Axes
  8187 | D:9      | 8187 ||| Stepping ~*~*~tactically~*~*~ (hiding).
  8188 | D:9      | 8188 ||| Stepping ~*~*~tactically~*~*~ (hiding).
  8189 | D:9      | 8189 ||| Stepping ~*~*~tactically~*~*~ (hiding).
  8190 | D:9      | 8190 ||| Stepping ~*~*~tactically~*~*~ (hiding).
  8205 | D:9      | 8205 ||| INVOKING Heroism.
  8206 | D:9      | Killed a kobold demonologist
  8310 | D:9      | 8310 ||| INVOKING Heroism.
  8315 | D:9      | Reached XP level 11. HP: 68/68 MP: 11/14
  8318 | D:9      | Reached *** piety under Okawaru
  8433 | D:9      | 8433 ||| INVOKING Heroism.
  8532 | D:9      | 8532 ||| Stepping ~*~*~tactically~*~*~ (stealth).
  8555 | D:9      | Found a staircase to the Orcish Mines.
  8583 | D:9      | 8583 ||| INVOKING Heroism.
  8607 | D:9      | 8607 ||| Stepping ~*~*~tactically~*~*~ (hiding).
  8621 | D:9      | 8621 ||| Stepping ~*~*~tactically~*~*~ (stealth).
  8663 | D:9      | 8663 ||| Stepping ~*~*~tactically~*~*~ (hiding).
  8672 | D:9      | 8672 ||| INVOKING Heroism.
  8686 | D:9      | Reached skill level 9 in Fighting
  8754 | D:9      | 8754 ||| INVOKING Heroism.
  8812 | D:9      | 8812 ||| READING 5 scrolls of identify.
  8812 | D:9      | 8812 ||| IDENTIFYING clear potion
  8813 | D:9      | 8813 ||| READING 4 scrolls of identify.
  8813 | D:9      | 8813 ||| IDENTIFYING silvery potion
  8814 | D:9      | 8814 ||| READING 3 scrolls of identify.
  8814 | D:9      | 8814 ||| IDENTIFYING viscous black potion
  8815 | D:9      | 8815 ||| DROPPING potion of brilliance.
  8816 | D:9      | 8816 ||| DROPPING potion of degeneration.
  8817 | D:9      | 8817 ||| DROPPING potion of flight.
  8861 | D:10     | Entered Level 10 of the Dungeon
  8862 | D:10     | 8862 ||| INVOKING Heroism.
  8900 | D:10     | Found a staircase to the Lair.
  8930 | D:10     | 8930 ||| INVOKING Heroism.
  8998 | D:10     | Found Jeuxet's Elemental Accessories.
  9099 | D:10     | 9099 ||| INVOKING Heroism.
  9551 | D:10     | Found a large runed translucent door.
  9551 | D:10     | Found a large runed translucent door.
  9582 | D:10     | Noticed a two-headed ogre
  9583 | D:10     | 9583 ||| INVOKING Heroism.
  9585 | D:10     | 9585 ||| Stepping ~*~*~tactically~*~*~ (stealth).
  9600 | D:10     | Killed a two-headed ogre
  9601 | D:10     | Reached skill level 12 in Axes
  9621 | D:10     | 9621 ||| Stepping ~*~*~tactically~*~*~ (stealth).
  9631 | D:10     | 9631 ||| Stepping ~*~*~tactically~*~*~ (stealth).
  9632 | D:10     | 9632 ||| Stepping ~*~*~tactically~*~*~ (stealth).
  9645 | D:10     | 9645 ||| INVOKING Heroism.
  9712 | D:10     | 9712 ||| INVOKING Heroism.
  9749 | D:10     | 9749 ||| UPGRADING to +0 kite shield.
  9752 | D:10     | 9752 ||| Stepping ~*~*~tactically~*~*~ (stealth).
  9753 | D:10     | 9753 ||| UPGRADING to +0 kite shield.
  9755 | D:10     | Noticed a centaur warrior
  9762 | D:10     | 9762 ||| INVOKING Heroism.
  9766 | D:10     | Killed a centaur warrior
  9767 | D:10     | Reached skill level 6 in Shields
  9776 | D:10     | Reached **** piety under Okawaru
  9839 | D:10     | 9839 ||| UPGRADING to +0 kite shield.
  9841 | D:10     | 9841 ||| Stepping ~*~*~tactically~*~*~ (stealth).
  9842 | D:10     | 9842 ||| UPGRADING to +0 kite shield.
  9859 | D:10     | 9859 ||| INVOKING Heroism.
  9939 | D:10     | 9939 ||| DROPPING +2 buckler.
  9989 | D:10     | 9989 ||| Stepping ~*~*~tactically~*~*~ (stealth).
  9991 | D:10     | 9991 ||| Stepping ~*~*~tactically~*~*~ (stealth).
 10034 | D:10     | 10034 ||| INVOKING Heroism.
 10176 | D:10     | 10176 ||| PLANNING LAIR
 10226 | Lair:1   | Entered Level 1 of the Lair of Beasts
 10292 | Lair:1   | 10292 ||| INVOKING Heroism.
 10328 | Lair:1   | 10328 ||| INVOKING Heroism.
 10370 | Lair:1   | 10370 ||| Stepping ~*~*~tactically~*~*~ (stealth).
 10372 | Lair:1   | 10372 ||| INVOKING Heroism.
 10373 | Lair:1   | 10373 ||| Stepping ~*~*~tactically~*~*~ (stealth).
 10382 | Lair:1   | Reached skill level 6 in Invocations
 10398 | Lair:1   | 10398 ||| Stepping ~*~*~tactically~*~*~ (stealth).
 10399 | Lair:1   | 10399 ||| Stepping ~*~*~tactically~*~*~ (stealth).
 10402 | Lair:1   | 10402 ||| Stepping ~*~*~tactically~*~*~ (stealth).
 10403 | Lair:1   | 10403 ||| Stepping ~*~*~tactically~*~*~ (stealth).
 10404 | Lair:1   | 10404 ||| INVOKING Heroism.
 10410 | Lair:1   | Reached XP level 12. HP: 76/76 MP: 13/16
 11007 | Lair:2   | Reached ***** piety under Okawaru
 11229 | Lair:2   | 11229 ||| INVOKING Heroism.
 11508 | Lair:2   | 11508 ||| Stepping ~*~*~tactically~*~*~ (hiding).
 11509 | Lair:2   | 11509 ||| Stepping ~*~*~tactically~*~*~ (hiding).
 11511 | Lair:2   | 11511 ||| Stepping ~*~*~tactically~*~*~ (hiding).
 11511 | Lair:2   | Found a staircase to the Shoals.
 11512 | Lair:2   | 11512 ||| Stepping ~*~*~tactically~*~*~ (hiding).
 11515 | Lair:2   | 11515 ||| INVOKING Heroism.
 11904 | Lair:2   | 11904 ||| UPGRADING to scarf of resistance.
 11914 | Lair:2   | 11914 ||| DROPPING amulet of faith.
 11915 | Lair:2   | 11915 ||| DRINKING 2 grey potions.
 11916 | Lair:2   | 11916 ||| READING 6 scrolls of identify.
 11916 | Lair:2   | 11916 ||| IDENTIFYING purple potion
 11917 | Lair:2   | 11917 ||| DROPPING potion of invisibility.
 12019 | Lair:3   | Reached skill level 9 in Shields
 12036 | Lair:3   | 12036 ||| READING scroll of enchant weapon.
 12036 | Lair:3   | 12036 ||| ENCHANTING +1 war axe of protection.
 12046 | Lair:3   | 12046 ||| Stepping ~*~*~tactically~*~*~ (hiding).
 12050 | Lair:3   | 12050 ||| INVOKING Heroism.
 12082 | Lair:3   | Noticed a six-headed hydra
 12083 | Lair:3   | 12083 ||| Stepping ~*~*~tactically~*~*~ (stealth).
 12084 | Lair:3   | 12084 ||| INVOKING Finesse.
 12088 | Lair:3   | 12088 ||| SWAPPING to +1 demon whip of venom.
 12097 | Lair:3   | Killed a six-headed hydra
 12098 | Lair:3   | 12098 ||| SWAPPING to +2 war axe of protection.
 12178 | Lair:3   | 12178 ||| Stepping ~*~*~tactically~*~*~ (stealth).
 12180 | Lair:3   | 12180 ||| Stepping ~*~*~tactically~*~*~ (hiding).
 12183 | Lair:3   | 12183 ||| INVOKING Heroism.
 12243 | Lair:3   | 12243 ||| SWAPPING to +0 broad axe.
 12247 | Lair:3   | Received a gift from Okawaru
 12248 | Lair:3   | 12248 ||| DROPPING +2 war axe of protection.
 12369 | Lair:3   | 12369 ||| INVOKING Heroism.
 12431 | Lair:3   | 12431 ||| Stepping ~*~*~tactically~*~*~ (hiding).
 12502 | Lair:3   | 12502 ||| INVOKING Heroism.
 12509 | Lair:3   | Reached skill level 9 in Invocations
 12525 | Lair:3   | Noticed a catoblepas
 12526 | Lair:3   | 12526 ||| INVOKING Finesse.
 12543 | Lair:3   | Killed a catoblepas
 12626 | Lair:3   | 12626 ||| INVOKING Heroism.
 12762 | Lair:3   | Found a staircase to the Snake Pit.
 12963 | Lair:3   | 12963 ||| Stepping ~*~*~tactically~*~*~ (stealth).
 13070 | Lair:3   | 13070 ||| Stepping ~*~*~tactically~*~*~ (hiding).
 13214 | Lair:3   | 13214 ||| DROPPING scarf of resistance.
 13215 | Lair:3   | 13215 ||| READING 5 scrolls of identify.
 13215 | Lair:3   | 13215 ||| IDENTIFYING fizzy sapphire potion
 13252 | Lair:4   | 13252 ||| Stepping ~*~*~tactically~*~*~ (stealth).
 13278 | Lair:4   | 13278 ||| FLEEEEING.
 13279 | Lair:4   | 13279 ||| FLEEEEING.
 13280 | Lair:4   | 13280 ||| FLEEEEING.
 13281 | Lair:4   | 13281 ||| INVOKING Heroism.
 13302 | Lair:4   | 13302 ||| Stepping ~*~*~tactically~*~*~ (stealth).
 13307 | Lair:4   | 13307 ||| INVOKING Heroism.
 13432 | Lair:4   | Reached XP level 13. HP: 67/82 MP: 20/20
 13631 | Lair:4   | 13631 ||| Stepping ~*~*~tactically~*~*~ (stealth).
 13662 | Lair:4   | 13662 ||| INVOKING Heroism.
 13690 | Lair:4   | Identified the +1 kite shield of Roeppawn {rElec rF+ Dex+6}
                  | (Okawaru gifted it to you on level 4 of the Lair of Beasts)
 13690 | Lair:4   | Received a gift from Okawaru
 13695 | Lair:4   | 13695 ||| Stepping ~*~*~tactically~*~*~ (stealth).
 13697 | Lair:4   | 13697 ||| Stepping ~*~*~tactically~*~*~ (stealth).
 13854 | Lair:4   | Found a frozen archway.
 13855 | Lair:4   | 13855 ||| Stepping ~*~*~tactically~*~*~ (stealth).
 13858 | Lair:4   | 13858 ||| INVOKING Heroism.
 13860 | Lair:4   | 13860 ||| Stepping ~*~*~tactically~*~*~ (stealth).
 13929 | Lair:4   | 13929 ||| Stepping ~*~*~tactically~*~*~ (stealth).
 14226 | Lair:4   | 14226 ||| Stepping ~*~*~tactically~*~*~ (stealth).
 14240 | Lair:4   | Reached skill level 13 in Axes
 14293 | Lair:4   | 14293 ||| Stepping ~*~*~tactically~*~*~ (stealth).
 14299 | Lair:4   | Found a staircase to the Slime Pits.
 14300 | Lair:4   | Found a viscous altar of Jiyva.
 14309 | Lair:4   | 14309 ||| Stepping ~*~*~tactically~*~*~ (stealth).
 14311 | Lair:4   | 14311 ||| UPGRADING to +1 kite shield of Roeppawn {rElec
                  | rF+ Dex+6}.
 14312 | Lair:4   | 14312 ||| UPGRADING to +1 kite shield of Roeppawn {rElec
                  | rF+ Dex+6}.
 14313 | Lair:4   | 14313 ||| UPGRADING to +1 kite shield of Roeppawn {rElec
                  | rF+ Dex+6}.
 14314 | Lair:4   | 14314 ||| INVOKING Heroism.
 14315 | Lair:4   | HP: 20/82 [acid (6)]
 14316 | Lair:4   | 14316 ||| UPGRADING to +1 kite shield of Roeppawn {rElec
                  | rF+ Dex+6}.
 14317 | Lair:4   | 14317 ||| UPGRADING to +1 kite shield of Roeppawn {rElec
                  | rF+ Dex+6}.
 14317 | Lair:4   | HP: 4/82 [acid (10)]
 14318 | Lair:4   | 14318 ||| UPGRADING to +1 kite shield of Roeppawn {rElec
                  | rF+ Dex+6}.
 14318 | Lair:4   | Splashed with acid

Levels and vault maps discovered:
D:1:      minmay_arrival_wavy_path, layout_loops_corners,
          shapermc_ecumenical_altar_totnotflames, st_stairs_6
D:2:      wander_river, layout_basic, uniq_natasha
D:3:      layout_rooms, uniq_pargi, uniq_jessica, uniq_ijyb
D:4:      layout_basic
D:5:      layout_basic, minmay_quadrilaterals
D:6:      layout_loops_ring, minmay_door_square,
          dilly_guarded_unrand_devastator, uniq_crazy_yiuf_cottage
D:7:      layout_gridville, mainiacjoe_overflow_big_doors,
          minmay_temple_entry_butterflies, gammafunk_ghost_hive, minmay_between,
          uniq_prince_ribbit1, uniq_duvessa
D:8:      layout_basic, mainiacjoe_overflow_24_doors, minmay_fountain_box,
          roderic_lattice_a, kennysheep_path_1, kennysheep_generic_room_6,
          uniq_amaemon
D:9:      layout_rooms, david_orc_1_choice, enter_bailey_5,
          serial_bayou_lagoon_a
D:10:     layout_irregular_city, jmf_multi_god_temple2, lair_entry_dummy,
          nicolae_eternal_life, nicolae_elemental_shop, hangedman_decor_push,
          dreamdust_mushroom_princess, grunt_decor_fettered, grunt_potential
Temple:   sentei_temple_godly_chess
Lair:1:   layout_chaotic_city, lemuel_fruit_tree, serial_bayou_shore_a
Lair:2:   hellmonk_ruined_rings, layout_gridlike, minmay_shoals_entry_centaurs
Lair:3:   layout_loops_ring, dummy_snake_entry, chequers_serial_rivers_room_b,
          grunt_megastairs_4
Lair:4:   layout_gridlike, nicolae_slime_entry_slimehenge,
          portal_ice_cave_entry_animals_and_master, minmay_holes

Skill      XL: |  1  2  3  4  5  6  7  8  9 10 11 12 13 |
---------------+----------------------------------------+-----
Axes           | 2 3 4 5 7 9 10 11 12 13 | 13.0
Fighting       | 4 6 7 8 9 10 | 10.0
Dodging        | 2 |  2.0
Armour         | 4 6 7 8 |  8.6
Shields        | 4 5 7 10 | 10.9
Invocations    | 2 4 6 10 | 10.0
Throwing       | 1 |  1.2

Action                   |  1- 3 |  4- 6 |  7- 9 | 10-12 | 13-15 || total
-------------------------+-------+-------+-------+-------+-------++-------
Melee: War axe           |   107 |   139 |   326 |   587 |       ||  1159
       Broad axe         |       |       |       |   129 |   126 ||   255
       Demon whip        |       |       |       |     8 |       ||     8
Throw: Boomerang         |       |       |       |   109 |    21 ||   130
Invok: Heroism           |       |       |     1 |    34 |     3 ||    38
       Finesse           |       |       |       |     2 |       ||     2
  Use: Scroll            |     2 |     5 |     9 |     6 |       ||    22
       Potion            |       |       |     5 |     3 |       ||     8
Armor: Scale mail        |    55 |    78 |     5 |       |       ||   138
       Chain mail        |       |       |   172 |    33 |       ||   205
       Plate armour      |       |       |       |   315 |    55 ||   370
Dodge: Dodged            |    41 |    80 |   100 |   224 |    22 ||   467
Block: Buckler           |    15 |    27 |    77 |    84 |       ||   203
       Kite shield       |       |       |       |   175 |    54 ||   229

Table legend:
 A = Non-vault XP
 B = Vault XP
 C = Vault XP percentage of total XP
 D = Non-vault monster count
 E = Vault monster count
 F = Vault count percentage of total count
                 A         B        C        D         E       F
            +---------+---------+-------+---------+---------+-------
      Total |   30471 |    8784 |  22.4 |     312 |      78 |  20.0
            +---------+---------+-------+---------+---------+-------
        D:1 |      47 |       2 |   4.1 |      27 |       1 |   3.6
        D:2 |      76 |      36 |  32.1 |      21 |       1 |   4.5
        D:3 |     114 |     206 |  64.4 |      26 |       3 |  10.3
        D:4 |     298 |       0 |   0.0 |      18 |       0 |   0.0
        D:5 |     623 |      15 |   2.4 |      11 |       2 |  15.4
        D:6 |     762 |     116 |  13.2 |      13 |       1 |   7.1
        D:7 |    1016 |     678 |  40.0 |      21 |       6 |  22.2
        D:8 |    2274 |    1335 |  37.0 |      20 |       4 |  16.7
        D:9 |    2513 |     658 |  20.8 |      51 |      13 |  20.3
       D:10 |    2292 |    3216 |  58.4 |      19 |      27 |  58.7
     Lair:1 |    3245 |       0 |   0.0 |      15 |       0 |   0.0
     Lair:2 |    2496 |     342 |  12.1 |      11 |       3 |  21.4
     Lair:3 |    6215 |     477 |   7.1 |      23 |       2 |   8.0
     Lair:4 |    8500 |    1703 |  16.7 |      36 |      15 |  29.4
            +---------+---------+-------+---------+---------+-------
